Staline vs Influenza
(R2)
Created - 4 mai 2016 at 23:32
Goals
|
| Staline |
1 |
3 |
1 |
5 |
| Influenza |
0 |
1 |
1 |
2 |
|
Shots
|
| Staline |
13 |
16 |
7 |
36 |
| Influenza |
14 |
9 |
15 |
38 |
|
1st period
1. Staline , Andrei Loktionov 48 (Nick Spaling, Brian Gionta) at 18:18 (PP)
Penalties :
Jiri Tlusty (StJ) for Holding (Minor) at 4:29, Torey Krug (StJ) for Slashing (Minor) at 5:04, Evgeny Grachev (VJB) for Tripping (Minor) at 9:13, Jimmy Bonneau (VJB) for Slashing (Minor) at 17:47
2nd period
2. Staline , Nick Spaling 31 (Andrei Loktionov, Brian Gionta) at 1:37
3. Staline , Brian Gionta 39 (Andrei Loktionov, Nick Spaling) at 1:57
4. Staline , Jiri Tlusty 30 (Brian Gionta, Torey Krug) at 3:43
5. Influenza , Ryan Carter 45 (Martins Karsums, Noah Welch) at 5:43
Penalties :
Robbie Earl (VJB) for Hooking (Minor) at 2:50, Philip Larsen (StJ) for High sticking (Minor) at 2:53, John Klingberg (VJB) for Fighting (Major) at 5:33, Stu Bickel (StJ) for Fighting (Major) at 5:33, Robbie Earl (VJB) for Delaying the game (Minor) at 7:47, Zac Dalpe (VJB) for Hooking (Minor) at 10:01
3rd period
6. Staline , Brian Gionta 40 (Andrei Loktionov) at 1:42 (PP)
7. Influenza , Evgeny Grachev 14 (Jeremy Morin, Ryan Russell) at 8:08
Penalties :
Matt Corrente (VJB) for Kneeing (Minor) at 1:33, Ryan Carter (VJB) for Fighting (Major) at 1:53, Stu Bickel (StJ) for Fighting (Major) at 1:53, Stu Bickel (StJ) for instigated a fight (Minor) at 1:53, Stu Bickel (StJ) for instigated a fight (10 Minutes Misconduct) at 1:53, Ben Smith (VJB) for Tripping (Minor) at 5:36, Noah Welch (VJB) for Roughing (Minor) at 5:56, Nick Spaling (StJ) for Butt-ending (Major / Game Misconduct) at 13:31, T.J Galiardi (VJB) for Delaying the game (Minor) at 14:32
Goalie Stats
Tobias Stephan (StJ), 36 saves from 38 shots - (0,947), W, 33-18-2, 60:00 minutes
Alex Stalock (VJB), 19 saves from 20 shots - (0,950), 36:17 minutes
Thomas McCollum (VJB), 12 saves from 16 shots - (0,750), L, 11-10-0, 23:43 minutes
Players Stats for Staline
Player Name G A P +/- PIM S H SB GA TA FO MP PP MP PK MP
------------------------------------------------------------------------------------
Aaron Ness 0 0 0 0 0 0 0 0 0 0 0/0 10:06 0:00 0:52
Andrei Loktionov 1 3 4 1 0 4 2 1 0 1 26/48 25:17 5:16 4:04
Brendan Shinnimin 0 0 0 0 0 0 0 0 0 0 0/0 0:00 0:00 0:00
Brian Gionta 2 3 5 2 0 5 3 0 1 1 2/3 22:33 5:16 1:40
Bryan Bickell 0 0 0 -1 0 3 2 1 0 0 0/0 10:13 0:00 1:03
Cody Eakin 0 0 0 0 0 1 1 1 0 0 1/2 5:38 0:00 0:10
Corey Trivino 0 0 0 0 0 0 0 0 0 0 0/0 1:07 0:15 0:00
Danny Kristo 0 0 0 0 0 0 1 0 0 0 0/0 5:10 0:00 0:00
David Desharnais 0 0 0 -1 0 0 1 0 0 0 2/7 9:10 0:00 0:00
David Kolomatis 0 0 0 -1 0 0 0 0 0 0 0/0 20:14 3:30 2:47
Greg Pateryn 0 0 0 0 0 0 0 1 0 0 0/0 3:06 0:00 0:00
James Sheppard 0 0 0 0 0 1 0 1 0 0 0/0 14:12 3:43 0:00
Jiri Sekac 0 0 0 0 0 0 1 0 0 0 0/0 5:10 0:00 0:00
Jiri Tlusty 1 0 1 1 2 6 1 0 1 1 0/0 17:19 3:43 1:37
Jordan Caron 0 0 0 -1 0 1 1 0 1 1 0/1 9:10 0:00 0:00
Mark Fraser 0 0 0 0 0 2 1 1 0 0 0/0 29:16 6:03 3:58
Mark Mitera 0 0 0 0 0 0 0 1 0 0 0/0 0:33 0:00 0:00
Mark Stone 0 0 0 0 0 0 0 0 0 0 0/0 0:33 0:00 0:00
Nick Spaling 1 2 3 1 15 4 3 0 1 1 1/1 18:17 5:01 0:00
Peter Holland 0 0 0 0 0 0 0 0 0 0 0/0 1:36 0:00 1:27
Philip Larsen 0 0 0 1 2 0 0 1 0 0 0/0 18:04 2:55 2:52
Stu Bickel 0 0 0 2 22 3 1 1 2 1 0/0 19:26 2:30 2:38
Torey Krug 0 1 1 0 2 2 0 0 0 0 0/0 19:41 2:59 2:04
Yan Stastny 0 0 0 0 0 4 1 0 2 0 7/13 21:08 3:43 3:47
Players Stats for Influenza
Player Name G A P +/- PIM S H SB GA TA FO MP PP MP PK MP
------------------------------------------------------------------------------------
Ben Smith 0 0 0 0 2 3 2 1 0 2 0/0 15:55 3:12 2:00
Charlie Coyle 0 0 0 0 0 0 1 0 0 1 0/2 6:51 0:03 0:56
Corey Tropp 0 0 0 0 0 1 2 0 0 1 0/0 5:53 0:11 0:00
Evgeny Grachev 1 0 1 0 2 5 2 0 0 1 5/7 13:00 1:12 0:00
Jeff May 0 0 0 -1 0 0 0 2 1 0 0/0 10:36 0:00 1:01
Jeremy Morin 0 1 1 -1 0 1 1 0 0 0 0/0 11:57 0:44 0:00
Jimmy Bonneau 0 0 0 0 2 1 0 0 0 0 0/0 7:58 0:14 1:28
John Klingberg 0 0 0 0 5 1 2 3 0 0 0/0 19:57 3:18 2:39
Martins Karsums 0 1 1 0 0 7 1 1 2 1 1/3 19:20 3:45 1:40
Mathieu Carle 0 0 0 0 0 1 0 3 0 0 0/0 29:25 4:18 5:29
Matt Corrente 0 0 0 0 2 0 1 0 0 0 0/0 21:14 3:18 2:46
Noah Welch 0 1 1 0 2 3 0 1 0 1 0/0 28:31 4:18 4:34
Oskars Bartulis 0 0 0 -1 0 1 1 0 0 0 0/0 10:17 0:00 1:30
Robbie Earl 0 0 0 0 4 6 3 0 1 0 0/0 21:29 3:49 3:26
Ryan Carter 1 0 1 0 5 6 1 1 0 1 20/43 22:44 2:50 4:06
Ryan Russell 0 1 1 -1 0 1 0 1 1 0 2/4 13:08 0:00 2:35
T.J Galiardi 0 0 0 0 2 0 3 0 0 0 1/1 13:42 3:35 0:13
Zac Dalpe 0 0 0 0 2 1 1 1 1 0 7/15 13:26 3:12 0:00
3 Stars
1 - Brian Gionta (StJ)
2 - Andrei Loktionov (StJ)
3 - Tobias Stephan (StJ)
Power Play
Staline - 2 on 9 Attempt(s) - 22,22%
Influenza - 0 on 5 Attempt(s) - 0,00%
Penalty Kill
Staline - 5 on 5 Attempt(s) - 100,00%
- Score 0 goal in Penalty Kill
Influenza - 7 on 9 Attempt(s) - 77,78%
- Score 0 goal in Penalty Kill
Team Stat
Staline - Hits : 19 - Faceoff Wins : 39 - Blocked Shots : 9 - Penalty Minutes : 43
Influenza - Hits : 21 - Faceoff Wins : 36 - Blocked Shots : 14 - Penalty Minutes : 28
Official
Referees : Watson Brad and Joannette Marc
Linesman : Darren Gibbs and Mark Wheler
Game Notes
Mark Mitera is injured at 1:19 of 1st period (Right Foot)
Alex Stalock enters game at 3:43 of 2nd period
Stu Bickel beats up John Klingberg at 5:33 of 2nd period
Ryan Carter and Stu Bickel fight to a draw at 1:53 of 3rd period
Nick Spaling ejected from game at 13:31 of 3rd period
Finance
Level 1 -- Attendance: 1410 (70,50%) -- Ticket Income 56 400 $
Level 2 -- Attendance: 790 (79,00%) -- Ticket Income 15 800 $
Total Attendance: 2200 (73,33%)
Total Ticket Income: 72 200 $
Other Income: 3 610 $
Total Income: 75 810 $
Staline
5 vs 5 Forward
Center Left Wing Right Wing Time % Phy DF OF
1 Andrei Loktionov Nick Spaling Brian Gionta 40 1 2 2
2 Yan Stastny James Sheppard Jiri Tlusty 30 1 2 2
3 David Desharnais Bryan Bickell Jordan Caron 20 1 2 2
4 Cody Eakin Jiri Sekac Danny Kristo 10 1 2 2
5 vs 5 Defense
Defense Defense Time % Phy DF OF
1 Stu Bickel Mark Fraser 40 1 2 2
2 Torey Krug Philip Larsen 30 1 2 2
3 Mark Mitera David Kolomatis 20 1 2 2
4 Aaron Ness Greg Pateryn 10 1 2 2
PowerPlay Forward
Center Left Wing Right Wing Time % Phy DF OF
1 Andrei Loktionov Nick Spaling Brian Gionta 60 1 2 2
2 Yan Stastny James Sheppard Jiri Tlusty 40 1 2 2
PowerPlay Defense
Defense Defense Time % Phy DF OF
1 Stu Bickel Mark Fraser 60 1 2 2
2 Torey Krug Philip Larsen 40 1 2 2
Penalty Kill 4 Players Forward
Center Wing Time % Phy DF OF
1 Andrei Loktionov Yan Stastny 60 1 2 2
2 Brian Gionta Jiri Tlusty 40 1 2 2
Penalty Kill 4 Players Defense
Defense Defense Time % Phy DF OF
1 Stu Bickel Mark Fraser 60 1 2 2
2 Torey Krug Philip Larsen 40 1 2 2
Penalty Kill - 3 Players Forward
Forward Time % Phy DF OF
1 Andrei Loktionov 60 1 2 2
2 Yan Stastny 40 1 2 2
Penalty Kill - 3 Players Defense
Defense Defense Time % Phy DF OF
1 Stu Bickel Mark Fraser 60 1 2 2
2 Torey Krug Philip Larsen 40 1 2 2
4 vs 4 Forward
Center Wing Time % Phy DF OF
1 Andrei Loktionov Yan Stastny 60 1 2 2
2 Brian Gionta Jiri Tlusty 40 1 2 2
4 vs 4 Defense
Defense Defense Time % Phy DF OF
1 Stu Bickel Mark Fraser 60 1 2 2
2 Torey Krug Philip Larsen 40 1 2 2
Last Minutes Offensive
Center Left Wing Right Wing Defense Defense
Andrei Loktionov Nick Spaling Brian Gionta Stu Bickel Mark Fraser
Last Minutes Defensive
Center Left Wing Right Wing Defense Defense
Andrei Loktionov Nick Spaling Brian Gionta Stu Bickel Mark Fraser
Goaltenders
Starting : Tobias Stephan
Backup : Allen York
Extra Forwards
Normal : Corey Trivino, Mark Stone, Peter Holland - PP : Corey Trivino, Mark Stone - PK : Peter Holland
Extra Defensemen
Normal : Mark Mitera, David Kolomatis, Aaron Ness - PP : Mark Mitera - PK : David Kolomatis, Aaron Ness
Penalty Shots
Andrei Loktionov, Yan Stastny, Brian Gionta, Jiri Tlusty, David Desharnais
Influenza
5 vs 5 Forward
Center Left Wing Right Wing Time % Phy DF OF
1 Ryan Carter Robbie Earl Martins Karsums 40 1 2 2
2 Zac Dalpe T.J Galiardi Ben Smith 30 1 2 2
3 Evgeny Grachev Ryan Russell Jeremy Morin 20 1 2 2
4 Charlie Coyle Jimmy Bonneau Corey Tropp 10 1 2 2
5 vs 5 Defense
Defense Defense Time % Phy DF OF
1 Noah Welch Mathieu Carle 40 1 2 2
2 John Klingberg Matt Corrente 30 1 2 2
3 Jeff May Oskars Bartulis 20 1 2 2
4 Noah Welch Mathieu Carle 10 1 2 2
PowerPlay Forward
Center Left Wing Right Wing Time % Phy DF OF
1 Ryan Carter Robbie Earl Martins Karsums 60 1 2 2
2 Zac Dalpe T.J Galiardi Ben Smith 40 1 2 2
PowerPlay Defense
Defense Defense Time % Phy DF OF
1 Noah Welch Mathieu Carle 60 1 2 2
2 John Klingberg Matt Corrente 40 1 2 2
Penalty Kill 4 Players Forward
Center Wing Time % Phy DF OF
1 Ryan Carter Robbie Earl 60 1 2 2
2 Martins Karsums Ben Smith 40 1 2 2
Penalty Kill 4 Players Defense
Defense Defense Time % Phy DF OF
1 Noah Welch Mathieu Carle 60 1 2 2
2 John Klingberg Matt Corrente 40 1 2 2
Penalty Kill - 3 Players Forward
Forward Time % Phy DF OF
1 Ryan Carter 60 1 2 2
2 Robbie Earl 40 1 2 2
Penalty Kill - 3 Players Defense
Defense Defense Time % Phy DF OF
1 Noah Welch Mathieu Carle 60 1 2 2
2 John Klingberg Matt Corrente 40 1 2 2
4 vs 4 Forward
Center Wing Time % Phy DF OF
1 Ryan Carter Robbie Earl 60 1 2 2
2 Martins Karsums Ben Smith 40 1 2 2
4 vs 4 Defense
Defense Defense Time % Phy DF OF
1 Noah Welch Mathieu Carle 60 1 2 2
2 John Klingberg Matt Corrente 40 1 2 2
Last Minutes Offensive
Center Left Wing Right Wing Defense Defense
Ryan Carter Robbie Earl Martins Karsums Noah Welch Mathieu Carle
Last Minutes Defensive
Center Left Wing Right Wing Defense Defense
Ryan Carter Robbie Earl Martins Karsums Noah Welch Mathieu Carle
Goaltenders
Starting : Thomas McCollum
Backup : Alex Stalock
Extra Forwards
Normal : Evgeny Grachev, Jeremy Morin, Ryan Russell - PP : Evgeny Grachev, Jeremy Morin - PK : Ryan Russell
Extra Defensemen
Normal : Jeff May, Oskars Bartulis, John Klingberg - PP : Jeff May - PK : Oskars Bartulis, John Klingberg
Penalty Shots
Ryan Carter, Robbie Earl, Martins Karsums, Ben Smith, T.J Galiardi
% Time on Ice - Staline
Lines # - Real PCT - Wanted PCT - Time Play
Normal Forward
1 - 36% - 40% - 14:10
2 - 28% - 30% - 11:00
3 - 23% - 20% - 9:10
4 - 13% - 10% - 5:10
Normal Defense
1 - 46% - 40% - 17:59
2 - 30% - 30% - 11:50
3 - 17% - 20% - 6:35
4 - 8% - 10% - 3:06
PP Forward
1 - 59% - 60% - 5:16
2 - 41% - 40% - 3:43
PP Defense
1 - 67% - 60% - 6:03
2 - 33% - 40% - 2:56
PK Forward
1 - 73% - 60% - 4:32
2 - 27% - 40% - 1:40
PK Defense
1 - 61% - 60% - 3:47
2 - 39% - 40% - 2:25
PK3 Forward
1 - 73% - 60% - 1:01
2 - 27% - 40% - 0:23
PK3 Defense
1 - 64% - 60% - 0:54
2 - 36% - 40% - 0:30
44 Forward
1 - 74% - 60% - 2:55
2 - 26% - 40% - 1:00
44 Defense
1 - 71% - 60% - 2:47
2 - 29% - 40% - 1:08
Last Minute Offensive - 0:00
Last Minute Defensive - 0:00
Total
Forward - 60:00
Defense - 60:00
|
% Time on Ice - Influenza
Lines # - Real PCT - Wanted PCT - Time Play
Normal Forward
1 - 35% - 40% - 13:53
2 - 25% - 30% - 9:59
3 - 25% - 20% - 9:56
4 - 14% - 10% - 5:42
Normal Defense
1 - 42% - 40% - 16:42
2 - 35% - 30% - 13:40
3 - 22% - 20% - 8:35
4 - 1% - 10% - 0:33
PP Forward
1 - 58% - 60% - 4:24
2 - 42% - 40% - 3:12
PP Defense
1 - 57% - 60% - 4:18
2 - 43% - 40% - 3:18
PK Forward
1 - 73% - 60% - 5:20
2 - 27% - 40% - 2:00
PK Defense
1 - 67% - 60% - 4:55
2 - 33% - 40% - 2:25
PK3 Forward
1 - 89% - 60% - 1:28
2 - 11% - 40% - 0:11
PK3 Defense
1 - 79% - 60% - 1:18
2 - 21% - 40% - 0:21
44 Forward
1 - 81% - 60% - 3:10
2 - 19% - 40% - 0:45
44 Defense
1 - 61% - 60% - 2:24
2 - 39% - 40% - 1:31
Last Minute Offensive - 0:00
Last Minute Defensive - 0:00
Total
Forward - 60:00
Defense - 60:00
|
Play by Play
1st period
0:01 of 1st period - Andrei Loktionov wins face-off versus Ryan Carter in neutral zone.
0:30 of 1st period - Wrist shot by Ben Smith.
0:30 of 1st period - Stopped by Tobias Stephan without a rebound.
0:31 of 1st period - David Desharnais wins face-off versus Zac Dalpe in Staline zone.
0:46 of 1st period - Wrist shot by Bryan Bickell.
0:46 of 1st period - Stopped by Thomas McCollum without a rebound.
0:47 of 1st period - Evgeny Grachev wins face-off versus Cody Eakin in Influenza zone.
1:19 of 1st period - Snap shot by Corey Tropp.
1:19 of 1st period - Shot Blocked by Mark Mitera.
1:19 of 1st period - Mark Mitera from Staline is injured at 1:19 of 1st period (Right Foot).
1:20 of 1st period - Andrei Loktionov wins face-off versus Ryan Carter in Staline zone.
1:35 of 1st period - Snap shot by Andrei Loktionov.
1:35 of 1st period - Shot Blocked by John Klingberg.
2:10 of 1st period - Slapshot by Evgeny Grachev.
2:10 of 1st period - Stopped by Tobias Stephan without a rebound.
2:11 of 1st period - Ryan Carter wins face-off versus David Desharnais in Staline zone.
2:12 of 1st period - Slapshot by Martins Karsums.
2:12 of 1st period - Shot Misses the Net.
2:14 of 1st period - Slapshot by Robbie Earl.
2:14 of 1st period - Stopped by Tobias Stephan with a rebound.
2:16 of 1st period - Slapshot by Noah Welch.
2:16 of 1st period - Shot Misses the Net.
3:22 of 1st period - David Kolomatis is hit by Evgeny Grachev and loses puck.
3:31 of 1st period - Wrist shot by Evgeny Grachev.
3:31 of 1st period - Shot Blocked by Cody Eakin.
3:53 of 1st period - David Kolomatis is hit by Robbie Earl and loses puck.
4:00 of 1st period - Martins Karsums is hit by Nick Spaling and loses puck.
4:29 of 1st period - Minor Penalty to Jiri Tlusty for Holding.
4:30 of 1st period - Andrei Loktionov wins face-off versus Ryan Carter in Staline zone.
4:59 of 1st period - Snap shot by Ben Smith.
4:59 of 1st period - Stopped by Tobias Stephan with a rebound.
5:01 of 1st period - Snap shot by Ben Smith.
5:01 of 1st period - Stopped by Tobias Stephan without a rebound.
5:02 of 1st period - Brian Gionta wins face-off versus Zac Dalpe in Staline zone.
5:04 of 1st period - Minor Penalty to Torey Krug for Slashing.
5:05 of 1st period - Ryan Carter wins face-off versus Andrei Loktionov in Staline zone.
5:05 of 1st period - Snap shot by Martins Karsums.
5:05 of 1st period - Stopped by Tobias Stephan with a rebound.
5:07 of 1st period - Slapshot by Noah Welch.
5:07 of 1st period - Deflect By Andrei Loktionov.
5:07 of 1st period - Stopped by Tobias Stephan without a rebound.
5:08 of 1st period - Andrei Loktionov wins face-off versus Ryan Carter in Staline zone.
6:29 of 1st period - Penalty to Jiri Tlusty is over, Jiri Tlusty is back on ice.
7:04 of 1st period - Penalty to Torey Krug is over, Torey Krug is back on ice.
7:15 of 1st period - Snap shot by Bryan Bickell.
7:15 of 1st period - Stopped by Thomas McCollum without a rebound.
7:16 of 1st period - David Desharnais wins face-off versus Evgeny Grachev in Influenza zone.
7:47 of 1st period - Off-side.
7:48 of 1st period - Yan Stastny wins face-off versus Charlie Coyle in neutral zone.
7:51 of 1st period - Snap shot by Yan Stastny.
7:51 of 1st period - Stopped by Thomas McCollum with a rebound.
8:03 of 1st period - Wrist shot by Corey Tropp.
8:03 of 1st period - Stopped by Tobias Stephan without a rebound.
8:04 of 1st period - Andrei Loktionov wins face-off versus Ryan Carter in Staline zone.
8:15 of 1st period - Snap shot by Ryan Carter.
8:15 of 1st period - Deflect By Andrei Loktionov.
8:15 of 1st period - Stopped by Tobias Stephan with a rebound.
8:51 of 1st period - Icing by Torey Krug.
8:52 of 1st period - Evgeny Grachev wins face-off versus Jordan Caron in Staline zone.
9:13 of 1st period - Minor Penalty to Evgeny Grachev for Tripping.
9:14 of 1st period - Ryan Carter wins face-off versus Andrei Loktionov in Influenza zone.
9:51 of 1st period - Mathieu Carle is hit by Brian Gionta and loses puck.
11:13 of 1st period - Penalty to Evgeny Grachev is over, Evgeny Grachev is back on ice.
11:27 of 1st period - Mathieu Carle is hit by Bryan Bickell and loses puck.
11:38 of 1st period - Jordan Caron is hit by Evgeny Grachev and loses puck.
12:04 of 1st period - Ryan Russell is hit by Bryan Bickell.
12:10 of 1st period - Slapshot by Torey Krug.
12:10 of 1st period - Deflect By Jordan Caron.
12:10 of 1st period - Stopped by Thomas McCollum with a rebound.
12:30 of 1st period - Jeremy Morin is hit by Jordan Caron and loses puck.
12:49 of 1st period - Wrist shot by Evgeny Grachev.
12:49 of 1st period - Stopped by Tobias Stephan without a rebound.
12:50 of 1st period - Andrei Loktionov wins face-off versus Ryan Carter in Staline zone.
12:55 of 1st period - Snap shot by Nick Spaling.
12:55 of 1st period - Stopped by Thomas McCollum with a rebound.
12:57 of 1st period - Snap shot by Nick Spaling.
12:57 of 1st period - Shot Blocked by John Klingberg.
12:59 of 1st period - Snap shot by Andrei Loktionov.
12:59 of 1st period - Stopped by Thomas McCollum with a rebound.
13:46 of 1st period - Wrist shot by Yan Stastny.
13:46 of 1st period - Shot Misses the Net.
13:48 of 1st period - Snap shot by Jiri Tlusty.
13:48 of 1st period - Shot Misses the Net.
13:50 of 1st period - Slapshot by Aaron Ness.
13:50 of 1st period - Deflect By Jiri Tlusty.
13:50 of 1st period - Stopped by Thomas McCollum without a rebound.
13:51 of 1st period - Andrei Loktionov wins face-off versus Zac Dalpe in Influenza zone.
13:58 of 1st period - Slapshot by Brian Gionta.
13:58 of 1st period - Shot Blocked by Ben Smith.
14:22 of 1st period - Wrist shot by Jimmy Bonneau.
14:22 of 1st period - Shot Misses the Net.
14:24 of 1st period - Slapshot by Oskars Bartulis.
14:24 of 1st period - Shot Misses the Net.
14:26 of 1st period - Wrist shot by Corey Tropp.
14:26 of 1st period - Shot Misses the Net.
14:48 of 1st period - Charlie Coyle is hit by Danny Kristo.
15:40 of 1st period - James Sheppard is hit by Corey Tropp.
15:58 of 1st period - Icing by Zac Dalpe.
15:59 of 1st period - Zac Dalpe wins face-off versus Andrei Loktionov in Influenza zone.
17:47 of 1st period - Minor Penalty to Jimmy Bonneau for Slashing.
17:48 of 1st period - Andrei Loktionov wins face-off versus Ryan Carter in Influenza zone.
17:50 of 1st period - Wrist shot by Brian Gionta.
17:50 of 1st period - Shot Misses the Net.
17:52 of 1st period - Wrist shot by Brian Gionta.
17:52 of 1st period - Shot Misses the Net.
17:54 of 1st period - Slapshot by Mark Fraser.
17:54 of 1st period - Shot Blocked by Mathieu Carle.
17:56 of 1st period - Snap shot by Andrei Loktionov.
17:56 of 1st period - Shot Misses the Net.
17:58 of 1st period - Snap shot by Nick Spaling.
17:58 of 1st period - Stopped by Thomas McCollum with a rebound.
18:00 of 1st period - Slapshot by Mark Fraser.
18:00 of 1st period - Shot Blocked by Noah Welch.
18:02 of 1st period - Wrist shot by Mark Fraser.
18:02 of 1st period - Stopped by Thomas McCollum without a rebound.
18:03 of 1st period - Andrei Loktionov wins face-off versus Ryan Carter in Influenza zone.
18:06 of 1st period - Snap shot by Nick Spaling.
18:06 of 1st period - Shot Blocked by Mathieu Carle.
18:08 of 1st period - Slapshot by Stu Bickel.
18:08 of 1st period - Deflect By Ryan Carter.
18:08 of 1st period - Stopped by Thomas McCollum without a rebound.
18:09 of 1st period - Andrei Loktionov wins face-off versus Ryan Carter in Influenza zone.
18:16 of 1st period - Snap shot by Andrei Loktionov.
18:16 of 1st period - Stopped by Thomas McCollum with a rebound.
18:18 of 1st period - Wrist shot by Andrei Loktionov.
18:18 of 1st period - Goal by Andrei Loktionov - Staline : 1 - Influenza : 0.
18:19 of 1st period - Andrei Loktionov wins face-off versus Ryan Carter in neutral zone.
18:28 of 1st period - Backhand shot by Martins Karsums.
18:28 of 1st period - Stopped by Tobias Stephan with a rebound.
18:30 of 1st period - Snap shot by Martins Karsums.
18:30 of 1st period - Stopped by Tobias Stephan with a rebound.
18:32 of 1st period - Wrist shot by Robbie Earl.
18:32 of 1st period - Shot Blocked by Andrei Loktionov.
18:34 of 1st period - Slapshot by Robbie Earl.
18:34 of 1st period - Stopped by Tobias Stephan without a rebound.
18:35 of 1st period - Yan Stastny wins face-off versus Zac Dalpe in Staline zone.
18:46 of 1st period - T.J Galiardi is hit by Mark Fraser and loses puck.
19:01 of 1st period - Brian Gionta is hit by Robbie Earl and loses puck.
19:10 of 1st period - Snap shot by Robbie Earl.
19:10 of 1st period - Stopped by Tobias Stephan with a rebound.
19:22 of 1st period - Snap shot by Cody Eakin.
19:22 of 1st period - Stopped by Thomas McCollum with a rebound.
19:28 of 1st period - Torey Krug is hit by Matt Corrente and loses puck.
Goals for this period are 1 for Staline vs 0 for Influenza.
Shots for this period are 13 for Staline vs 14 for Influenza.
2nd period
0:01 of 2nd period - Andrei Loktionov wins face-off versus Ryan Carter in neutral zone.
1:33 of 2nd period - Slapshot by Andrei Loktionov.
1:33 of 2nd period - Shot Misses the Net.
1:35 of 2nd period - Slapshot by Andrei Loktionov.
1:35 of 2nd period - Shot Misses the Net.
1:37 of 2nd period - Snap shot by Nick Spaling.
1:37 of 2nd period - Goal by Nick Spaling - Staline : 2 - Influenza : 0.
1:38 of 2nd period - Andrei Loktionov wins face-off versus Ryan Carter in neutral zone.
1:48 of 2nd period - Wrist shot by Martins Karsums.
1:48 of 2nd period - Deflect By Ryan Carter.
1:48 of 2nd period - Shot Blocked by Stu Bickel.
1:48 of 2nd period - Puck is out of play.
1:49 of 2nd period - Nick Spaling wins face-off versus Ryan Carter in Staline zone.
1:49 of 2nd period - Nick Spaling is hit by Ryan Carter.
1:55 of 2nd period - Wrist shot by Brian Gionta.
1:55 of 2nd period - Shot Misses the Net.
1:57 of 2nd period - Snap shot by Brian Gionta.
1:57 of 2nd period - Goal by Brian Gionta - Staline : 3 - Influenza : 0.
1:58 of 2nd period - Ryan Carter wins face-off versus Andrei Loktionov in neutral zone.
2:07 of 2nd period - Wrist shot by Martins Karsums.
2:07 of 2nd period - Stopped by Tobias Stephan without a rebound.
2:08 of 2nd period - Ryan Carter wins face-off versus Andrei Loktionov in Staline zone.
2:11 of 2nd period - Slapshot by Ryan Carter.
2:11 of 2nd period - Shot Hit the Post.
2:13 of 2nd period - Slapshot by Martins Karsums.
2:13 of 2nd period - Shot Misses the Net.
2:15 of 2nd period - Snap shot by Ryan Carter.
2:15 of 2nd period - Stopped by Tobias Stephan with a rebound.
2:17 of 2nd period - Snap shot by Mathieu Carle.
2:17 of 2nd period - Shot Blocked by Mark Fraser.
2:19 of 2nd period - Snap shot by Martins Karsums.
2:19 of 2nd period - Stopped by Tobias Stephan with a rebound.
2:23 of 2nd period - Snap shot by Martins Karsums.
2:23 of 2nd period - Stopped by Tobias Stephan with a rebound.
2:25 of 2nd period - Slapshot by Noah Welch.
2:25 of 2nd period - Shot Misses the Net.
2:50 of 2nd period - Minor Penalty to Robbie Earl for Hooking.
2:51 of 2nd period - Yan Stastny wins face-off versus Ryan Russell in Influenza zone.
2:53 of 2nd period - Minor Penalty to Philip Larsen for High sticking.
2:54 of 2nd period - Andrei Loktionov wins face-off versus Ryan Carter in Staline zone.
3:43 of 2nd period - Slapshot by Jiri Tlusty.
3:43 of 2nd period - Goal by Jiri Tlusty - Staline : 4 - Influenza : 0.
3:43 of 2nd period - Alex Stalock enters game.
3:44 of 2nd period - Andrei Loktionov wins face-off versus Ryan Carter in neutral zone.
3:47 of 2nd period - Slapshot by Mark Fraser.
3:47 of 2nd period - Stopped by Alex Stalock with a rebound.
4:29 of 2nd period - Wrist shot by Brian Gionta.
4:29 of 2nd period - Stopped by Alex Stalock without a rebound.
4:30 of 2nd period - Ryan Russell wins face-off versus Andrei Loktionov in Influenza zone.
4:50 of 2nd period - Penalty to Robbie Earl is over, Robbie Earl is back on ice.
4:53 of 2nd period - Penalty to Philip Larsen is over, Philip Larsen is back on ice.
5:00 of 2nd period - Wrist shot by Robbie Earl.
5:00 of 2nd period - Shot Misses the Net.
5:14 of 2nd period - Slapshot by Jiri Tlusty.
5:14 of 2nd period - Shot Misses the Net.
5:16 of 2nd period - Slapshot by David Kolomatis.
5:16 of 2nd period - Deflect By Jiri Tlusty.
5:16 of 2nd period - Stopped by Alex Stalock with a rebound.
5:18 of 2nd period - Slapshot by Torey Krug.
5:18 of 2nd period - Stopped by Alex Stalock without a rebound.
5:19 of 2nd period - Zac Dalpe wins face-off versus David Desharnais in Influenza zone.
5:32 of 2nd period - Wrist shot by T.J Galiardi.
5:32 of 2nd period - Deflect By Zac Dalpe.
5:32 of 2nd period - Shot Misses the Net.
5:32 of 2nd period - Puck is out of play.
5:33 of 2nd period - Zac Dalpe wins face-off versus Andrei Loktionov in Staline zone.
5:33 of 2nd period - Stu Bickel beats up John Klingberg.
5:33 of 2nd period - Penalty to John Klingberg for Fighting.
5:33 of 2nd period - Penalty to Stu Bickel for Fighting.
5:34 of 2nd period - Ryan Carter wins face-off versus Andrei Loktionov in Staline zone.
5:43 of 2nd period - Wrist shot by Ryan Carter.
5:43 of 2nd period - Goal by Ryan Carter - Staline : 4 - Influenza : 1.
5:44 of 2nd period - Andrei Loktionov wins face-off versus Ryan Carter in neutral zone.
6:34 of 2nd period - Matt Corrente is hit by David Desharnais and loses puck.
6:43 of 2nd period - Wrist shot by Bryan Bickell.
6:43 of 2nd period - Shot Blocked by Jeff May.
7:44 of 2nd period - Slapshot by Jiri Tlusty.
7:44 of 2nd period - Stopped by Alex Stalock without a rebound.
7:45 of 2nd period - Ryan Carter wins face-off versus Andrei Loktionov in Influenza zone.
7:47 of 2nd period - Minor Penalty to Robbie Earl for Delaying the game.
7:48 of 2nd period - Andrei Loktionov wins face-off versus Ryan Carter in Influenza zone.
8:04 of 2nd period - Snap shot by Brian Gionta.
8:04 of 2nd period - Shot Blocked by Ryan Carter.
8:18 of 2nd period - Slapshot by Mark Fraser.
8:18 of 2nd period - Shot Misses the Net.
8:20 of 2nd period - Slapshot by Mark Fraser.
8:20 of 2nd period - Shot Blocked by Mathieu Carle.
8:22 of 2nd period - Wrist shot by James Sheppard.
8:22 of 2nd period - Shot Misses the Net.
9:38 of 2nd period - Icing by Andrei Loktionov.
9:39 of 2nd period - Martins Karsums wins face-off versus Andrei Loktionov in Staline zone.
9:44 of 2nd period - Wrist shot by Martins Karsums.
9:44 of 2nd period - Shot Misses the Net.
9:47 of 2nd period - Penalty to Robbie Earl is over, Robbie Earl is back on ice.
9:56 of 2nd period - Wrist shot by David Desharnais.
9:56 of 2nd period - Shot Blocked by Zac Dalpe.
9:58 of 2nd period - Backhand shot by Bryan Bickell.
9:58 of 2nd period - Stopped by Alex Stalock without a rebound.
9:59 of 2nd period - Zac Dalpe wins face-off versus David Desharnais in Influenza zone.
10:01 of 2nd period - Minor Penalty to Zac Dalpe for Hooking.
10:02 of 2nd period - Andrei Loktionov wins face-off versus Ryan Carter in Influenza zone.
10:33 of 2nd period - Penalty to John Klingberg is over, John Klingberg is back on ice.
10:54 of 2nd period - Matt Corrente is hit by Andrei Loktionov and loses puck.
11:07 of 2nd period - Brian Gionta is hit by Ben Smith and loses puck.
12:01 of 2nd period - Penalty to Zac Dalpe is over, Zac Dalpe is back on ice.
12:21 of 2nd period - Off-side.
12:22 of 2nd period - Evgeny Grachev wins face-off versus David Desharnais in neutral zone.
12:31 of 2nd period - Wrist shot by Evgeny Grachev.
12:31 of 2nd period - Shot Blocked by Bryan Bickell.
12:33 of 2nd period - Snap shot by John Klingberg.
12:33 of 2nd period - Stopped by Tobias Stephan without a rebound.
12:34 of 2nd period - T.J Galiardi wins face-off versus Andrei Loktionov in Staline zone.
12:49 of 2nd period - Snap shot by Zac Dalpe.
12:49 of 2nd period - Stopped by Tobias Stephan without a rebound.
12:50 of 2nd period - Yan Stastny wins face-off versus Ryan Carter in Staline zone.
12:54 of 2nd period - Off-side.
12:55 of 2nd period - Ryan Carter wins face-off versus Yan Stastny in neutral zone.
12:55 of 2nd period - Martins Karsums is hit by Jiri Tlusty and loses puck.
13:00 of 2nd period - Mark Fraser is hit by Martins Karsums and loses puck.
13:11 of 2nd period - Jiri Tlusty is hit by John Klingberg and loses puck.
13:42 of 2nd period - Slapshot by Matt Corrente.
13:42 of 2nd period - Shot Misses the Net.
14:04 of 2nd period - Charlie Coyle is hit by Jiri Sekac and loses puck.
15:56 of 2nd period - Snap shot by Danny Kristo.
15:56 of 2nd period - Shot Misses the Net.
16:20 of 2nd period - Brian Gionta is hit by Zac Dalpe and loses puck.
16:53 of 2nd period - Snap shot by Cody Eakin.
16:53 of 2nd period - Shot Blocked by Jeff May.
16:59 of 2nd period - Wrist shot by Jimmy Bonneau.
16:59 of 2nd period - Stopped by Tobias Stephan with a rebound.
17:01 of 2nd period - Slapshot by Corey Tropp.
17:01 of 2nd period - Shot Misses the Net.
17:03 of 2nd period - Wrist shot by Charlie Coyle.
17:03 of 2nd period - Shot Misses the Net.
17:05 of 2nd period - Slapshot by Jimmy Bonneau.
17:05 of 2nd period - Shot Blocked by Greg Pateryn.
17:07 of 2nd period - Slapshot by Oskars Bartulis.
17:07 of 2nd period - Stopped by Tobias Stephan without a rebound.
17:08 of 2nd period - Andrei Loktionov wins face-off versus Ryan Carter in Staline zone.
17:23 of 2nd period - Snap shot by Brian Gionta.
17:23 of 2nd period - Stopped by Alex Stalock without a rebound.
17:24 of 2nd period - Zac Dalpe wins face-off versus Yan Stastny in Influenza zone.
17:35 of 2nd period - Stu Bickel is hit by Ben Smith and loses puck.
17:48 of 2nd period - Icing by Matt Corrente.
17:49 of 2nd period - Ryan Carter wins face-off versus Andrei Loktionov in Influenza zone.
18:03 of 2nd period - Off-side.
18:04 of 2nd period - Yan Stastny wins face-off versus Zac Dalpe in neutral zone.
18:09 of 2nd period - Slapshot by Stu Bickel.
18:09 of 2nd period - Stopped by Alex Stalock without a rebound.
18:10 of 2nd period - Zac Dalpe wins face-off versus Yan Stastny in Influenza zone.
18:47 of 2nd period - Wrist shot by Yan Stastny.
18:47 of 2nd period - Shot Misses the Net.
18:49 of 2nd period - Wrist shot by Yan Stastny.
18:49 of 2nd period - Stopped by Alex Stalock with a rebound.
18:51 of 2nd period - Wrist shot by James Sheppard.
18:51 of 2nd period - Shot Misses the Net.
18:53 of 2nd period - Wrist shot by James Sheppard.
18:53 of 2nd period - Shot Misses the Net.
18:55 of 2nd period - Snap shot by Yan Stastny.
18:55 of 2nd period - Stopped by Alex Stalock with a rebound.
18:57 of 2nd period - Slapshot by Jiri Tlusty.
18:57 of 2nd period - Stopped by Alex Stalock with a rebound.
18:59 of 2nd period - Snap shot by Yan Stastny.
18:59 of 2nd period - Shot Misses the Net.
19:23 of 2nd period - Snap shot by Yan Stastny.
19:23 of 2nd period - Stopped by Alex Stalock with a rebound.
19:25 of 2nd period - Wrist shot by Yan Stastny.
19:25 of 2nd period - Shot Blocked by Ryan Russell.
19:27 of 2nd period - Snap shot by Jiri Tlusty.
19:27 of 2nd period - Shot Misses the Net.
19:29 of 2nd period - Wrist shot by Jiri Tlusty.
19:29 of 2nd period - Stopped by Alex Stalock without a rebound.
19:30 of 2nd period - Ryan Carter wins face-off versus Andrei Loktionov in Influenza zone.
19:41 of 2nd period - Snap shot by Martins Karsums.
19:41 of 2nd period - Shot Blocked by Philip Larsen.
19:43 of 2nd period - Slapshot by Matt Corrente.
19:43 of 2nd period - Shot Misses the Net.
19:45 of 2nd period - Snap shot by Ryan Carter.
19:45 of 2nd period - Shot Misses the Net.
19:55 of 2nd period - Andrei Loktionov is hit by Corey Tropp and loses puck.
Goals for this period are 3 for Staline vs 1 for Influenza.
Shots for this period are 16 for Staline vs 9 for Influenza.
3rd period
0:01 of 3rd period - Andrei Loktionov wins face-off versus Ryan Carter in neutral zone.
0:04 of 3rd period - Slapshot by Mark Fraser.
0:04 of 3rd period - Shot Blocked by Martins Karsums.
0:16 of 3rd period - Backhand shot by Noah Welch.
0:16 of 3rd period - Stopped by Tobias Stephan with a rebound.
0:26 of 3rd period - Snap shot by Jeremy Morin.
0:26 of 3rd period - Shot Misses the Net.
0:36 of 3rd period - Wrist shot by Evgeny Grachev.
0:36 of 3rd period - Stopped by Tobias Stephan without a rebound.
0:37 of 3rd period - Yan Stastny wins face-off versus Martins Karsums in Staline zone.
0:37 of 3rd period - Yan Stastny is hit by Robbie Earl.
0:47 of 3rd period - Wrist shot by James Sheppard.
0:47 of 3rd period - Deflect By Yan Stastny.
0:47 of 3rd period - Shot Misses the Net.
0:47 of 3rd period - Puck is out of play.
0:48 of 3rd period - Ryan Carter wins face-off versus Yan Stastny in Influenza zone.
1:13 of 3rd period - Mathieu Carle is hit by Brian Gionta and loses puck.
1:22 of 3rd period - Snap shot by Brian Gionta.
1:22 of 3rd period - Stopped by Alex Stalock without a rebound.
1:23 of 3rd period - Andrei Loktionov wins face-off versus Martins Karsums in Influenza zone.
1:24 of 3rd period - Snap shot by Nick Spaling.
1:24 of 3rd period - Shot Blocked by John Klingberg.
1:33 of 3rd period - Minor Penalty to Matt Corrente for Kneeing.
1:34 of 3rd period - Andrei Loktionov wins face-off versus Ryan Carter in Influenza zone.
1:34 of 3rd period - Wrist shot by Brian Gionta.
1:34 of 3rd period - Shot Misses the Net.
1:36 of 3rd period - Slapshot by Brian Gionta.
1:36 of 3rd period - Shot Misses the Net.
1:38 of 3rd period - Wrist shot by Nick Spaling.
1:38 of 3rd period - Stopped by Alex Stalock without a rebound.
1:39 of 3rd period - Andrei Loktionov wins face-off versus Ryan Carter in Influenza zone.
1:42 of 3rd period - Snap shot by Brian Gionta.
1:42 of 3rd period - Goal by Brian Gionta - Staline : 5 - Influenza : 1.
1:43 of 3rd period - Ryan Carter wins face-off versus Brian Gionta in neutral zone.
1:53 of 3rd period - Ryan Carter and Stu Bickel fight to a draw.
1:53 of 3rd period - Penalty to Ryan Carter for Fighting.
1:53 of 3rd period - Penalty to Stu Bickel for Fighting.
1:53 of 3rd period - Penalty to Stu Bickel for instigated a fight.
1:53 of 3rd period - Penalty to Stu Bickel for instigated a fight.
1:54 of 3rd period - Evgeny Grachev wins face-off versus Yan Stastny in neutral zone.
3:01 of 3rd period - Wrist shot by Zac Dalpe.
3:01 of 3rd period - Shot Misses the Net.
3:52 of 3rd period - Brian Gionta is hit by T.J Galiardi and loses puck.
3:53 of 3rd period - Penalty to Stu Bickel is over, Peter Holland is send on ice.
4:03 of 3rd period - Cody Eakin is hit by Charlie Coyle and loses puck.
4:12 of 3rd period - Wrist shot by Corey Tropp.
4:12 of 3rd period - Shot Misses the Net.
4:52 of 3rd period - Jeff May is hit by Cody Eakin and loses puck.
5:25 of 3rd period - John Klingberg is hit by Nick Spaling and loses puck.
5:30 of 3rd period - Wrist shot by Andrei Loktionov.
5:30 of 3rd period - Shot Misses the Net.
5:36 of 3rd period - Minor Penalty to Ben Smith for Tripping.
5:37 of 3rd period - Andrei Loktionov wins face-off versus Ryan Russell in Influenza zone.
5:56 of 3rd period - Minor Penalty to Noah Welch for Roughing.
5:57 of 3rd period - Ryan Russell wins face-off versus Andrei Loktionov in Influenza zone.
5:57 of 3rd period - Ryan Russell is hit by Brian Gionta.
6:23 of 3rd period - Philip Larsen is hit by Oskars Bartulis and loses puck.
6:42 of 3rd period - Ryan Russell is hit by Andrei Loktionov and loses puck.
6:53 of 3rd period - Penalty to Ryan Carter is over, Ryan Carter is back on ice.
7:33 of 3rd period - James Sheppard is hit by John Klingberg and loses puck.
7:36 of 3rd period - Penalty to Ben Smith is over, Ben Smith is back on ice.
7:56 of 3rd period - Penalty to Noah Welch is over, Noah Welch is back on ice.
8:04 of 3rd period - Wrist shot by Ryan Russell.
8:04 of 3rd period - Stopped by Tobias Stephan with a rebound.
8:06 of 3rd period - Wrist shot by Jeremy Morin.
8:06 of 3rd period - Stopped by Tobias Stephan with a rebound.
8:08 of 3rd period - Snap shot by Evgeny Grachev.
8:08 of 3rd period - Goal by Evgeny Grachev - Staline : 5 - Influenza : 2.
8:09 of 3rd period - Ryan Carter wins face-off versus David Desharnais in neutral zone.
9:48 of 3rd period - Off-side.
9:49 of 3rd period - Cody Eakin wins face-off versus Charlie Coyle in neutral zone.
10:03 of 3rd period - Off-side.
10:04 of 3rd period - Ryan Carter wins face-off versus Andrei Loktionov in neutral zone.
10:11 of 3rd period - Snap shot by Robbie Earl.
10:11 of 3rd period - Stopped by Tobias Stephan with a rebound.
10:13 of 3rd period - Slapshot by Ryan Carter.
10:13 of 3rd period - Stopped by Tobias Stephan without a rebound.
10:14 of 3rd period - Ryan Carter wins face-off versus Andrei Loktionov in Staline zone.
10:15 of 3rd period - Wrist shot by Martins Karsums.
10:15 of 3rd period - Stopped by Tobias Stephan without a rebound.
10:16 of 3rd period - Ryan Carter wins face-off versus Andrei Loktionov in Staline zone.
10:48 of 3rd period - Backhand shot by Robbie Earl.
10:48 of 3rd period - Shot Misses the Net.
10:52 of 3rd period - Snap shot by Martins Karsums.
10:52 of 3rd period - Shot Misses the Net.
11:12 of 3rd period - Slapshot by Mark Fraser.
11:12 of 3rd period - Shot Misses the Net.
11:18 of 3rd period - Snap shot by John Klingberg.
11:18 of 3rd period - Shot Misses the Net.
11:20 of 3rd period - Wrist shot by Ryan Carter.
11:20 of 3rd period - Deflect By Robbie Earl.
11:20 of 3rd period - Deflect By Mark Fraser.
11:20 of 3rd period - Stopped by Tobias Stephan without a rebound.
11:21 of 3rd period - Andrei Loktionov wins face-off versus Zac Dalpe in Staline zone.
11:30 of 3rd period - Backhand shot by Andrei Loktionov.
11:30 of 3rd period - Stopped by Alex Stalock without a rebound.
11:31 of 3rd period - Zac Dalpe wins face-off versus Andrei Loktionov in Influenza zone.
11:54 of 3rd period - Noah Welch is hit by Nick Spaling.
11:58 of 3rd period - Brian Gionta is hit by T.J Galiardi and loses puck.
12:13 of 3rd period - Wrist shot by Brian Gionta.
12:13 of 3rd period - Shot Misses the Net.
12:15 of 3rd period - Snap shot by Torey Krug.
12:15 of 3rd period - Stopped by Alex Stalock without a rebound.
12:16 of 3rd period - Yan Stastny wins face-off versus Evgeny Grachev in Influenza zone.
12:25 of 3rd period - Snap shot by Yan Stastny.
12:25 of 3rd period - Deflect By James Sheppard.
12:25 of 3rd period - Stopped by Alex Stalock without a rebound.
12:26 of 3rd period - Evgeny Grachev wins face-off versus Yan Stastny in Influenza zone.
12:39 of 3rd period - Wrist shot by Ryan Russell.
12:39 of 3rd period - Shot Misses the Net.
13:09 of 3rd period - Slapshot by Evgeny Grachev.
13:09 of 3rd period - Shot Blocked by James Sheppard.
13:11 of 3rd period - Snap shot by Evgeny Grachev.
13:11 of 3rd period - Stopped by Tobias Stephan without a rebound.
13:12 of 3rd period - Ryan Carter wins face-off versus Andrei Loktionov in Staline zone.
13:19 of 3rd period - Slapshot by Robbie Earl.
13:19 of 3rd period - Stopped by Tobias Stephan without a rebound.
13:20 of 3rd period - Ryan Carter wins face-off versus Andrei Loktionov in Staline zone.
13:29 of 3rd period - Slapshot by Ryan Carter.
13:29 of 3rd period - Stopped by Tobias Stephan with a rebound.
13:31 of 3rd period - Major / Game Misconduct Penalty to Nick Spaling for Butt-ending.
13:31 of 3rd period - Nick Spaling is ejected from game.
13:32 of 3rd period - Ryan Carter wins face-off versus Andrei Loktionov in Staline zone.
14:05 of 3rd period - Slapshot by Mathieu Carle.
14:05 of 3rd period - Stopped by Tobias Stephan with a rebound.
14:07 of 3rd period - Snap shot by Ryan Carter.
14:07 of 3rd period - Shot Misses the Net.
14:09 of 3rd period - Backhand shot by Noah Welch.
14:09 of 3rd period - Stopped by Tobias Stephan without a rebound.
14:10 of 3rd period - Brian Gionta wins face-off versus Zac Dalpe in Staline zone.
14:10 of 3rd period - Brian Gionta is hit by T.J Galiardi.
14:32 of 3rd period - Minor Penalty to T.J Galiardi for Delaying the game.
14:33 of 3rd period - Ryan Carter wins face-off versus Andrei Loktionov in Influenza zone.
15:53 of 3rd period - Philip Larsen is hit by Jeremy Morin and loses puck.
16:12 of 3rd period - John Klingberg is hit by Yan Stastny and loses puck.
16:32 of 3rd period - Penalty to T.J Galiardi is over, T.J Galiardi is back on ice.
16:53 of 3rd period - 10 Minutes Misconduct Penalty to Stu Bickel is over.
16:54 of 3rd period - Snap shot by Ryan Carter.
16:54 of 3rd period - Shot Misses the Net.
16:56 of 3rd period - Snap shot by Ryan Carter.
16:56 of 3rd period - Stopped by Tobias Stephan without a rebound.
16:57 of 3rd period - Andrei Loktionov wins face-off versus Zac Dalpe in Staline zone.
17:47 of 3rd period - Noah Welch is hit by Stu Bickel and loses puck.
18:31 of 3rd period - Penalty to Nick Spaling is over, Brian Gionta is send on ice.
19:31 of 3rd period - Snap shot by Stu Bickel.
19:31 of 3rd period - Stopped by Alex Stalock with a rebound.
Goals for this period are 1 for Staline vs 1 for Influenza.
Shots for this period are 7 for Staline vs 15 for Influenza.
Back to the Top